Map: Crête de Lerilak

Players

pOwl - Winner!

  • Race: Zerg Zerg
  • League: Platinum

Worming

  • Race: Zerg Zerg
  • League: Platinum

VOD

Have the link to the VOD?

Description

Time

  • Played on: Nov. 11, 2015, 1:48 p.m.
  • Length: 18:33
Show
View Real Time Build Order
Export as new Build Order

pOwl Zerg - Winner!

Build Orders: Hatch First, Lurkers 

Get SALT Encoding   

  12  0:02  Drone  
  13  0:14  Overlord  
  13  0:17  Drone  
  14  0:34  Drone x2  
  16  0:45  Drone  
  16  0:47  Drone  
  18  0:57  Drone  
  18  1:01  Hatchery  
  18  1:22  Spawning Pool  
  17  1:27  Extractor  
  17  1:28  Drone x2  
  18  1:36  Drone  
  19  1:55  Drone  
  19  1:57  Overlord  
  20  2:16  Queen  
  20  2:18  Queen  
  24  2:24  Evolution Chamber  
  24  2:28  Drone x3  
  26  2:33  Drone x2  
  28  2:43  Zergling x2  
  29  3:05  Zerg Ground Armor Level 1  
  29  3:07  Overlord  
  29  3:08  Drone  
  29  3:09  Overlord  
  30  3:25  Overlord  
  30  3:26  Metabolic Boost  
  30  3:28  Zergling x8  
  30  3:30  Drone  
  35  3:38  Drone  
  35  3:39  Drone x5  
  41  3:48  Baneling Nest  
  40  3:56  Drone x2  
  40  3:58  Zergling x2  
  41  4:06  Zergling x2  
  41  4:08  Queen  
  37  4:11  Zergling x2  
  37  4:12  Zergling x10  
  40  4:19  Extractor  
  40  4:21  Zergling x2  
  40  4:22  Spine Crawler  
  40  4:24  Zergling x2  
  40  4:27  Overlord  
  41  4:35  Zergling x2  
  41  4:37  Baneling x2  
  42  4:41  Zergling x2  
  42  4:42  Zergling x6  
  42  4:59  Zergling x2  
  42  5:00  Zergling x4  
  42  5:02  Zergling x2  
  45  5:10  Zergling x2  
  45  5:13  Zergling x2  
  47  5:19  Baneling x6  
  47  5:20  Baneling x2, Zergling x2  
  48  5:23  Zergling x2  
  45  5:37  Zergling x12  
  47  5:44  Zergling x4  
  44  5:53  Zergling x4  
  44  5:56  Baneling x2  
  46  6:05  Zergling x4  
  47  6:13  Hatchery  
  47  6:15  Zergling x2  
  47  6:16  Zergling x2  
  46  6:23  Extractor  
  46  6:24  Lair, Extractor  
  46  6:25  Drone x4  
  48  6:26  Drone, Roach Warren  
  48  6:39  Drone x3  
  51  6:41  Spine Crawler  
  51  6:42  Baneling  
  51  6:43  Baneling  
  49  7:10  Zergling x2  
  49  7:11  Zergling x14  
  57  7:22  Roach  
  47  7:34  Drone x3  
  47  7:35  Drone x3  
  52  7:45  Drone x2, Hatchery  
  52  7:46  Drone  
  54  7:56  Drone x2  
  54  7:57  Drone  
  55  8:00  Roach  
  55  8:02  Roach  
  55  8:04  Overlord x2  
  59  8:08  Glial Reconstitution  
  58  8:30  Roach x6  
  69  8:40  Roach x3  
  69  8:41  Roach  
  76  8:46  Overseer  
  76  8:58  Hatchery  
  76  9:02  Roach  
  74  9:21  Spore Crawler  
  74  9:23  Spore Crawler, Extractor  
  70  9:25  Drone x4  
  70  9:26  Drone, Hydralisk Den  
  70  9:29  Overlord  
  70  9:49  Roach x5  
  80  9:58  Overlord  
  80  10:07  Lurker Den  
  80  10:09  Queen  
  80  10:11  Drone x3  
  80  10:12  Drone  
  86  10:15  Drone  
  86  10:16  Drone  
  88  10:34  Roach x3  
  94  10:36  Ravager  
  94  10:38  Overlord  
  95  10:49  Overlord  
  95  10:55  Queen  
  94  10:58  Roach x6  
  92  11:10  Roach  
  104  11:11  Roach x6  
  104  11:14  Ravager x2  
  104  11:15  Ravager  
  104  11:17  Ravager x2  
  110  11:18  Ravager  
  110  11:21  Roach  
  110  11:23  Overlord  
  110  11:24  Overlord  
  112  11:28  Zerg Missile Weapons Level 1  
  112  11:37  Overlord x2  
  112  11:38  Overlord  
  112  11:57  Roach  
  112  11:58  Roach x7  
  124  12:06  Roach  
  124  12:07  Roach x3  
  126  12:15  Roach x3  
  115  12:18  Roach x2  
  115  12:22  Drone x2  
  119  12:34  Roach x4  
  119  12:35  Roach  
  112  12:50  Roach x3  
  112  12:51  Roach x3  
  110  12:55  Drone x3  
  103  13:01  Ravager x2  
  103  13:02  Ravager x3  
  104  13:15  Hydralisk  
  104  13:17  Hydralisk  
  108  13:22  Hatchery  
  108  13:23  Evolution Chamber  
  108  13:26  Zerg Missile Weapons Level 2  
  106  13:27  Extractor  
  105  13:47  Lurker, Hydralisk x4  
  114  13:49  Lurker  
  115  13:56  Zergling x4  
  115  13:57  Zergling x10  
  115  14:01  Roach  
  115  14:02  Roach  
  126  14:08  Roach x2  
  126  14:09  Roach  
  128  14:23  Roach  
  119  14:24  Roach x8  
  119  14:30  Roach x2  
  113  14:35  Lurker x3  
  114  14:46  Roach  
  114  14:47  Roach x3  
  109  15:27  Zergling x2  
  109  15:28  Zergling x20  
  119  15:34  Extractor  
  100  15:43  Roach x8  
  100  15:44  Hatchery  
  115  15:52  Hydralisk  
  115  15:53  Hydralisk x2  
  110  16:19  Roach x6  
  110  16:20  Roach x4  
  110  16:23  Lurker  
  131  16:26  Lurker  
  131  16:28  Ravager x4  
  131  16:29  Ravager x3  
  137  16:52  Roach  
  137  16:53  Roach x2  
  143  17:09  Roach  
  143  17:10  Roach x2  
  143  17:13  Overlord x2  
  143  17:14  Overlord x2  
  151  17:37  Roach x6  
  151  17:38  Roach x5  
  157  17:54  Roach x4  
  157  17:55  Roach x2  
Show
View Real Time Build Order
Export as new Build Order

Worming Zerg 

Build Orders: Hatch First 

Get SALT Encoding   

  12  0:00  Drone  
  13  0:12  Overlord  
  13  0:18  Drone  
  14  0:30  Drone x2  
  14  0:35  Drone  
  17  0:54  Hatchery  
  17  0:56  Drone  
  17  1:01  Drone, Extractor  
  17  1:15  Spawning Pool  
  16  1:20  Drone  
  16  1:21  Drone  
  18  1:28  Drone  
  19  1:39  Drone  
  20  1:50  Overlord  
  20  2:08  Drone x2  
  22  2:12  Queen  
  22  2:14  Queen  
  22  2:15  Zergling x2  
  27  2:18  Metabolic Boost  
  27  2:20  Drone  
  28  2:29  Drone x2  
  30  2:37  Drone  
  30  2:40  Overlord  
  30  2:43  Drone  
  32  3:07  Drone x4  
  32  3:12  Overlord  
  36  3:19  Baneling Nest  
  35  3:20  Zergling x2  
  35  3:21  Queen  
  35  3:25  Zergling x8  
  35  3:26  Zergling x4  
  44  3:45  Drone x4  
  46  4:06  Evolution Chamber  
  46  4:09  Evolution Chamber  
  42  4:14  Zergling x4  
  42  4:15  Zergling x10  
  46  4:24  Baneling  
  46  4:25  Baneling  
  46  4:35  Zergling x8  
  50  4:39  Zerg Melee Weapons Level 1, Zerg Ground Armor Level 1  
  50  4:42  Hatchery  
  42  5:07  Zergling x12  
  42  5:08  Zergling x6  
  50  5:17  Baneling x3  
  50  5:18  Baneling x2  
  50  5:20  Overlord x2  
  50  5:26  Overlord  
  36  5:49  Zergling x14  
  39  5:50  Zergling x2  
  39  5:55  Zergling x6  
  39  6:01  Queen  
  39  6:03  Zergling x2  
  39  6:04  Zergling x2  
  45  6:05  Queen  
  45  6:16  Baneling x2  
  45  6:17  Baneling x2  
  39  6:23  Zergling x2  
  39  6:24  Zergling x6  
  43  6:27  Baneling x2  
  43  6:28  Baneling x2  
  43  6:50  Hatchery  
  43  6:52  Zergling x12  
  48  7:01  Zergling x2  
  48  7:08  Zergling x2  
  48  7:09  Queen, Zergling x2  
  45  7:32  Baneling x2  
  40  7:40  Lair  
  40  7:46  Drone x3  
  40  7:47  Extractor  
  42  7:53  Drone x3  
  44  8:00  Baneling  
  44  8:01  Baneling x2  
  44  8:02  Zergling x12  
  50  8:18  Overlord  
  50  8:20  Zerg Missile Weapons Level 1  
  50  8:21  Drone x3  
  50  8:24  Drone x2  
  50  8:25  Roach Warren  
  47  8:46  Drone x3  
  47  8:47  Drone x2  
  52  8:48  Drone x7  
  52  8:50  Extractor  
  52  8:53  Extractor  
  57  8:56  Baneling  
  57  8:57  Baneling x2  
  57  9:22  Overlord x2, Glial Reconstitution  
  57  9:23  Roach  
  68  9:24  Roach x7  
  71  9:47  Overlord x2  
  71  9:48  Roach x7  
  85  9:59  Roach x2  
  93  10:00  Roach x2  
  93  10:15  Drone  
  93  10:16  Drone  
  93  10:17  Zerg Missile Weapons Level 2  
  93  10:19  Drone  
  93  10:20  Drone x3  
  99  10:22  Extractor  
  99  10:25  Overseer  
  99  10:26  Overlord  
  97  10:35  Drone x3  
  100  10:44  Roach x8  
  115  11:01  Roach  
  115  11:02  Roach x6  
  106  11:27  Ravager  
  106  11:29  Ravager  
  106  11:32  Ravager  
  109  11:33  Ravager  
  109  11:36  Ravager  
  109  11:39  Zergling x18  
  120  11:41  Hatchery  
  94  12:15  Roach x12  
  104  12:16  Roach x3  
  97  12:34  Roach x5  
  97  12:35  Roach x2  
  105  12:41  Roach  
  105  12:42  Roach x4  
  93  12:55  Roach x4  
  93  13:01  Drone x5  
  98  13:09  Drone x4  
  102  13:14  Ravager  
  103  13:22  Drone x4  
  110  13:27  Ravager x4  
  110  13:28  Ravager  
  110  13:55  Roach  
  110  13:56  Roach x8  
  126  14:06  Drone x3, Hydralisk Den  
  104  14:36  Spine Crawler  
  100  14:43  Lurker Den  
  100  14:47  Drone x10  
  100  14:48  Drone x2  
  110  15:02  Overseer  
  101  15:10  Spine Crawler x2  
  101  15:11  Spine Crawler  
  96  15:25  Lair  
  77  15:39  Roach  
  77  15:40  Roach x13  
  78  15:52  Roach x2  
  82  16:20  Hatchery  
  82  16:22  Roach x6  
  93  16:31  Hatchery, Hydralisk x2  
  96  16:39  Pneumatized Carapace  
  96  17:01  Lurker  
  96  17:03  Zergling x16  
  103  17:33  Roach  
  103  17:34  Roach x4  
  81  17:58  Roach  
  81  17:59  Roach x4  
  65  18:10  Roach x2  
Tags
 
Add a new tag
Caveats
  • Supply blocks, unpowered buildings, or Contaminate may cause inaccurate times.
  • Supply counts are checked every 10 seconds.